Workbook

Sheet FICHA TECNICA - PRECIOS OFERTA 
A1: OFERTA GANADORA PRODUCCION DE EVENTOS 911
A2: ITEM | B2: DESCRIPCION | C2: VALOR
A3: 1 | B3: Planta eléctrica de 125 KV. Las plantas deben contar con su personal idóneo para su manejo y su perfecto funcionamiento durante pruebas y días de eventos. Deben tener: combustible suficiente para su funcionamiento durante pruebas de sonidos, ensayos y desarrollo del evento. Todas las plantas deberán estar empotradas en cabinas debidamente insonorizadas que permitan el trabajo a la intemperie. Todas las plantas eléctricas deberán contar con tableros de control con instrumentos e interruptor termo magnético, silenciador y breaker. Todos los elementos deben incluir los respectivos accesorios (parciales, bajantes, cajas de distribución, herramientas, elementos de protección y seguridad industrial, tendido eléctrico y cables etc.) Todas las plantas deberán contar con extintores en vehículo y planta. Todo el cableado utilizado deberá estar en perfectas condiciones de instalación teniendo en cuenta las normas de seguridad. Precio de alquiler por día (8 horas). Debe incluir transporte, operario. | C3: 1982300
A4: 2 | B4: Planta eléctrica de 75 KV. Las plantas deben contar con su personal idóneo para su manejo y su perfecto funcionamiento durante pruebas y días de eventos. Deben tener: combustible suficiente para su funcionamiento durante pruebas de sonidos, ensayos y desarrollo del evento. Todas las plantas deberán estar empotradas en cabinas debidamente insonorizadas que permitan el trabajo a la intemperie. Todas las plantas eléctricas deberán contar con tableros de control con instrumentos e interruptor termo magnético, silenciador y breaker. Todos los elementos deben incluir los respectivos accesorios (parciales, bajantes, cajas de distribución, herramientas, elementos de protección y seguridad industrial, tendido eléctrico y cables etc.) Todas las plantas deberán contar con extintores en vehículo y planta. Todo el cableado utilizado deberá estar en perfectas condiciones de instalación teniendo en cuenta las normas de seguridad. Precio de alquiler por 8 horas. Debe incluir transporte, operario. | C4: 1985800
A5: 3 | B5: Planta eléctrica de 65 KV. Las plantas deben contar con su personal idóneo para su manejo y su perfecto funcionamiento durante pruebas y días de eventos. Deben tener: combustible suficiente para su funcionamiento durante pruebas de sonidos, ensayos y desarrollo del evento. Todas las plantas deberán estar empotradas en cabinas debidamente insonorizadas que permitan el trabajo a la intemperie. Todas las plantas eléctricas deberán contar con tableros de control con instrumentos e interruptor termo magnético, silenciador y breaker. Todos los elementos deben incluir los respectivos accesorios (parciales, bajantes, cajas de distribución, herramientas, elementos de protección y seguridad industrial, tendido eléctrico y cables etc.) Todas las plantas deberán contar con extintores en vehículo y planta. Todo el cableado utilizado deberá estar en perfectas condiciones de instalación teniendo en cuenta las normas de seguridad. Precio de alquiler por 8 horas. Debe incluir transporte, operario. | C5: 1250400
A6: 4 | B6: Generador eléctrico 1. Servicio de alquiler por 8 horas, contadas a partir del recibo a satisfacción de la entidad. // Alquiler de generador 30 KVA, deben contar con su personal idóneo para su manejo y su perfecto funcionamiento durante pruebas y días de eventos. Deben tener: combustible suficiente para su funcionamiento durante pruebas de sonidos, ensayos y desarrollo del evento. Todas las plantas deberán estar empotradas en cabinas debidamente insonorizadas que permitan el trabajo a la intemperie. Todas las plantas eléctricas deberán contar con tableros de control con instrumentos e interruptor termo magnético, silenciador y breaker. Todos los elementos deben incluir los respectivos accesorios (parciales, bajantes, cajas de distribución, herramientas, elementos de protección y seguridad industrial, tendido eléctrico y cables etc..) Todas las plantas deberán contar con extintores en vehículo y planta. Todo el cableado utilizado deberá estar en perfectas condiciones de instalación teniendo en cuenta las normas de seguridad. Debe incluir transporte, operario. Dicho servicio incluye transporte al lugar y en el horario indicado por la FUGA | C6: 975000
A7: 5 | B7: Generador eléctrico 2. Servicio de alquiler por 8 horas, contadas a partir del recibo a satisfacción de la entidad. // Alquiler de generador a gasolina 5,6 kw- 6kw 110v 25 litros Dicho servicio incluye transporte al lugar y en el horario indicado por la FUGA. deben contar con su personal idóneo para su manejo y su perfecto funcionamiento durante pruebas y días de eventos. Deben tener: combustible suficiente para su funcionamiento durante pruebas de sonidos, ensayos y desarrollo del evento. Todas las plantas deberán estar empotradas en cabinas debidamente insonorizadas que permitan el trabajo a la intemperie. Todas las plantas eléctricas deberán contar con tableros de control con instrumentos e interruptor termo magnético, silenciador y breaker. Todos los elementos deben incluir los respectivos accesorios (parciales, bajantes, cajas de distribución, herramientas, elementos de protección y seguridad industrial, tendido eléctrico y cables etc.) Todas las plantas deberán contar con extintores en vehículo y planta. Todo el cableado utilizado deberá estar en perfectas condiciones de instalación teniendo en cuenta las normas de seguridad. Debe incluir transporte, operario. Dicho servicio incluye transporte al lugar y en el horario indicado por la FUGA | C7: 1013800
A8: 6 | B8: Servicio de tanqueo por galón de combustible para plantas eléctricas según tipo de capacidad energética. | C8: 2200
A9: 7 | B9: Baño portátil 1. Servicio de Alquiler por 24 horas, contadas a partir del recibo a satisfacción de la entidad. Debe incluir suministros, limpieza y mantenimiento del baño durante el periodo del alquiler, instalación y transporte. | C9: 414900
A10: 8 | B10: Baño portátil 2. Servicio de Alquiler por 12 horas, contadas a partir del recibo a satisfacción de la entidad. Debe incluir suministros, limpieza y mantenimiento del baño durante el periodo del alquiler, instalación y transporte. | C10: 335400
A11: 9 | B11: Baño portátil 3. Servicio de alquiler por 24 horas, contadas a partir del recibo a satisfacción de la entidad. // Alquiler de Baños para personas en condición de discapacidad. Debe incluir suministros, limpieza y mantenimiento del baño durante el periodo del alquiler, instalación y transporte al lugar y en el horario indicado por la FUGA | C11: 502200
A12: 10 | B12: Baño portátil 4. Servicio de alquiler por 12 horas, contadas a partir del recibo a satisfacción de la entidad. // Alquiler de Baños para personas en condición de discapacidad. Debe incluir suministros, limpieza y mantenimiento del baño durante el periodo del alquiler, instalación y transporte al lugar y en el horario indicado por la FUGA | C12: 404000
A13: 11 | B13: Camión tipo 1 de 3,70 M de longitud modelo 2010 en adelante, servicio de alquiler por trayecto. Debe incluir conductor y ayudante | C13: 434100
A14: 12 | B14: Camión tipo 2 de 3,70 M de longitud modelo 2010 en adelante, servicio de alquiler por 6 horas. Debe incluir conductor y ayudante | C14: 1008300
... A330: 331 | B330: Paquete de tornillos autoperforantes para metal material de acero | C330: 66300

Sheet INFORME FINANCIERO
A1: INFORME FINANCIERO - FUGA-110-2023
A2: EVENTO | B2: # ORDEN DE SERVICIO | C2: FECHA EVENTO | D2: # LEGALIZACION | E2: ITEM | F2: DESCRIPCION | G2: VALOR UNITARIO | H2: UDS | I2: TOTAL ITEM | J2: TOTAL EJECUTADO POR EVENTO
A3: FESTIVAL ARTÍSTICO Y CULTURAL DEL CENTRO DE BOGOTÁ | B3: 1 | C3: 45065 | D3: 1 | E3: 4 | F3: =VLOOKUP(E3,'FICHA TECNICA - PRECIOS OFERTA '!$1:$1048576,2,0) -> Generador eléctrico 1. Servicio de alquiler por 8 horas, contadas a partir del recibo a satisfacción de la entidad. // Alquiler de generador 30 KVA, deben contar con su personal idóneo para su manejo y su perfecto funcionamiento durante pruebas y días de eventos. Deben tener: combustible suficiente para su funcionamiento durante pruebas de sonidos, ensayos y desarrollo del evento. Todas las plantas deberán estar empotradas en cabinas debidamente insonorizadas que permitan el trabajo a la intemperie. Todas las plantas eléctricas deberán contar con tableros de control con instrumentos e interruptor termo magnético, silenciador y breaker. Todos los elementos deben incluir los respectivos accesorios (parciales, bajantes, cajas de distribución, herramientas, elementos de protección y seguridad industrial, tendido eléctrico y cables etc..) Todas las plantas deberán contar con extintores en vehículo y planta. Todo el cableado utilizado deberá estar en perfectas condiciones de instalación teniendo en cuenta las normas de seguridad. Debe incluir transporte, operario. Dicho servicio incluye transporte al lugar y en el horario indicado por la FUGA | G3: =VLOOKUP(E3,'FICHA TECNICA - PRECIOS OFERTA '!$1:$1048576,3,0) -> 975000 | H3: 2 | I3: =+G3*H3 -> 1950000 | J3: =SUM(I3:I13) -> 8320300
B4: 1 | C4: 45065 | D4: 1 | E4: 191 | F4: =VLOOKUP(E4,'FICHA TECNICA - PRECIOS OFERTA '!$1:$1048576,2,0) -> Operario para montaje y desmontaje de Carga por día de servicio. con dotacion de guantes y elementos de carga. | G4: =VLOOKUP(E4,'FICHA TECNICA - PRECIOS OFERTA '!$1:$1048576,3,0) -> 216800 | H4: 2 | I4: =+G4*H4 -> 433600
B5: 1 | C5: 45065 | D5: 1 | E5: 189 | F5: =VLOOKUP(E5,'FICHA TECNICA - PRECIOS OFERTA '!$1:$1048576,2,0) -> OPERADOR LOGÍSTICO DE PROTOCOLO que deberá cumplir con los requisitos específicos, experiencia, nivel académico y cursos de acuerdo a lo señalado en las especificaciones técnicas, por 8 horas // 1. Requisitos específicos: a) Deben ser personas con actitud de servicio, responsables, cumplidos y con excelente presentación personal. b) Estar debidamente uniformados. e) Cumplir con las funciones asignadas como equipo de primera intervención dentro del Plan de Emergencia de la Fundación. 2. Nivel académico: Mayores de edad que sean profesionales o estudiantes universitarios. 3. Cursos: a) Primeros auxilios. 10 horas. b) En temas de planes de emergencia y contingencia. 20 horas. c) Capacitación en normas de etiqueta y protocolo. 10 horas. | G5: =VLOOKUP(E5,'FICHA TECNICA - PRECIOS OFERTA '!$1:$1048576,3,0) -> 368700 | H5: 3 | I5: =+G5*H5 -> 1106100
B6: 1 | C6: 45065 | D6: 1 | E6: 182 | F6: =VLOOKUP(E6,'FICHA TECNICA - PRECIOS OFERTA '!$1:$1048576,2,0) -> COORDINADOR que deberá cumplir con los requisitos específicos, experiencia, nivel académico y cursos de acuerdo a lo señalado en las especificaciones técnicas, por 8 horas // 1. Requisitos específicos: a) Coordinar al grupo de operadores de protocolo. Esto es, establecer funciones, especificaciones y ubicación de los operadores dentro del lugar atendiendo las necesidades específicas del tipo de evento. b) Mantener informada a la Fundación de las novedades que se presenten antes, durante y al final de cada función. c) Las demás exigidas para los operadores logísticos de protocolo y de brigada. 2. Experiencia requerida: Dos (2) años como coordinador en actividades o servicios logísticos de protocolo en teatros de gran formato o auditorios con aglomeraciones de público de media complejidad. Nivel académico: Título de técnico o profesional en cualquier área. 3.Cursos: Debe tener certificaciones de cursos en: a) Primeros auxilios. 10 horas. b) En temas de planes de emergencia y contingencia. 20 horas. c) Capacitación en normas de etiqueta y protocolo. 10 horas | G6: =VLOOKUP(E6,'FICHA TECNICA - PRECIOS OFERTA '!$1:$1048576,3,0) -> 351600 | H6: 1 | I6: =+G6*H6 -> 351600
B7: 1 | C7: 45065 | D7: 1 | E7: 180 | F7: =VLOOKUP(E7,'FICHA TECNICA - PRECIOS OFERTA '!$1:$1048576,2,0) -> BRIGADISTA -que deberá cumplir con los requisitos específicos, experiencia, nivel académico y cursos de acuerdo a lo señalado en las especificaciones técnicas, por 6 horas // 1. Requisitos específicos: a) Contar con los distintivos y elementos básicos que los caracterice como brigadistas. b) Administrar primeros auxilios básicos, a nivel de una primera respuesta, necesarios para estabilizar una víctima de accidente o enfermedad súbita, que ocurra dentro de las instalaciones. c) Controlar emergencias en su fase incipiente, es decir donde su integridad física no se ponga en peligro. 2. Nivel Académico: Mayores de edad que sean profesionales o estudiantes universitarios. 3. Cursos: Debe tener certificaciones de cursos en: a) Primeros auxilios. Diez (10) horas. b) En temas de planes de emergencia y contingencia. Veinte (20) horas. c) Capacitación en normas de etiqueta y protocolo. Diez (10) horas d) Contar con el carné de brigadista vigente. e) Capacitación del cuerpo de bomberos de Bogotá. 4. Experiencia Requerida: Superior a dos (2) años en ejecución de labores de rescate | G7: =VLOOKUP(E7,'FICHA TECNICA - PRECIOS OFERTA '!$1:$1048576,3,0) -> 229700 | H7: 2 | I7: =+G7*H7 -> 459400
B8: 1 | C8: 45065 | D8: 1 | E8: 8 | F8: =VLOOKUP(E8,'FICHA TECNICA - PRECIOS OFERTA '!$1:$1048576,2,0) -> Baño portátil 2. Servicio de Alquiler por 12 horas, contadas a partir del recibo a satisfacción de la entidad. Debe incluir suministros, limpieza y mantenimiento del baño durante el periodo del alquiler, instalación y transporte. | G8: =VLOOKUP(E8,'FICHA TECNICA - PRECIOS OFERTA '!$1:$1048576,3,0) -> 335400 | H8: 1 | I8: =+G8*H8 -> 335400
B9: 1 | C9: 45065 | D9: 1 | E9: 235 | F9: =VLOOKUP(E9,'FICHA TECNICA - PRECIOS OFERTA '!$1:$1048576,2,0) -> Servicio alimentación - Refrigerio // Bebida, sanduche de jamón y queso, fruta de temporada. incluye transporte al lugar y en el horario indicados por la FUGA. De igual manera deberán entregarse debidamente embalados y deberán garantizarse las medidas de bioseguridad a que haya lugar. | G9: =VLOOKUP(E9,'FICHA TECNICA - PRECIOS OFERTA '!$1:$1048576,3,0) -> 11600 | H9: 70 | I9: =+G9*H9 -> 812000
B10: 1 | C10: 45065 | D10: 1 | E10: 168 | F10: =VLOOKUP(E10,'FICHA TECNICA - PRECIOS OFERTA '!$1:$1048576,2,0) -> Vallas de Seguridad. Servicio de alquiler por 12 horas, contadas a partir del recibo a satisfacción de la entidad. Alquiler de vallas de seguridad o contención para evento, en tubo de 1 12 de diámetro. De acuerdo a especificaciones. En tubo 1 1 2 de diámetro, de la parte inferior se desprenden los soportes giratorios (patas), de sus laterales lado derecho (vista de frente) lleva dos (2) ganchos en varillas de 1 2 en forma de U invertida y del lado izquierdo de dos (2) acoples en tubo de 1 2, donde enganchan los ganchos para unir las vallas. Todos estos componentes deben estar ubicados de forma simétrica y uniforme. Dicho servicio incluye transporte al lugar y en el horario indicado por la FUGA. | G10: =VLOOKUP(E10,'FICHA TECNICA - PRECIOS OFERTA '!$1:$1048576,3,0) -> 36200 | H10: 40 | I10: =+G10*H10 -> 1448000
B11: 1 | C11: 45065 | D11: 1 | E11: 230 | F11: =VLOOKUP(E11,'FICHA TECNICA - PRECIOS OFERTA '!$1:$1048576,2,0) -> Servicio alimentación - Almuerzo // Primer plato: Crema/sopa, segundo plato: arroz, proteína, ensalada, harina. bebida: jugo natural / gaseosa | G11: =VLOOKUP(E11,'FICHA TECNICA - PRECIOS OFERTA '!$1:$1048576,3,0) -> 26900 | H11: 8 | I11: =+G11*H11 -> 215200
B12: 1 | C12: 45065 | D12: 1 | E12: 136 | F12: =VLOOKUP(E12,'FICHA TECNICA - PRECIOS OFERTA '!$1:$1048576,2,0) -> Carpa 2mts x 2 mts, altura central de 2,40 mts, parales de 2,10 mts de altura, estilo pirámide o 4 aguas, estructural en tubería cuadrada encerchada y de fácil ensamblaje, Lona plástica con microfibras internas totalmente impermeable para el techo. Precio de alquiler por día (12 horas). Debe incluir montaje, desmontaje y transporte. // Precio por 12 horas. Debe incluir montaje, desmontaje y transporte. | G12: =VLOOKUP(E12,'FICHA TECNICA - PRECIOS OFERTA '!$1:$1048576,3,0) -> 203000 | H12: 1 | I12: =+G12*H12 -> 203000
B13: 1 | C13: 45065 | D13: 1 | E13: 181 | F13: =VLOOKUP(E13,'FICHA TECNICA - PRECIOS OFERTA '!$1:$1048576,2,0) -> BRIGADISTA DE SALUD certificado -que deberá cumplir con los requisitos específicos, experiencia, nivel académico y cursos de acuerdo a lo señalado en las especificaciones técnicas, por 6 horas // 1. Requisitos específicos: a) Contar con los distintivos y elementos básicos que los caracterice como brigadistas. b) Administrar primeros auxilios básicos, a nivel de una primera respuesta, necesarios para estabilizar una víctima de accidente o enfermedad súbita, que ocurra dentro de las instalaciones. c) Controlar emergencias en su fase incipiente, es decir donde su integridad física no se ponga en peligro. 2. Nivel Académico: Mayores de edad que sean profesionales o estudiantes universitarios. 3. Cursos: Debe tener certificaciones de cursos en: a) Primeros auxilios. Diez (10) horas. b) En temas de planes de emergencia y contingencia. Veinte (20) horas. c) Capacitación en normas de etiqueta y protocolo. Diez (10) horas d) Contar con el carné de brigadista vigente. e) Capacitación del cuerpo de bomberos de Bogotá.4. Experiencia Requerida: Superior a dos (2) años en ejecución de labores de rescate | G13: =VLOOKUP(E13,'FICHA TECNICA - PRECIOS OFERTA '!$1:$1048576,3,0) -> 503000 | H13: 2 | I13: =+G13*H13 -> 1006000
A14: SALSA AL PARQUE | B14: 2 | C14: 45081 | D14: 1 | E14: 202 | F14: =VLOOKUP(E14,'FICHA TECNICA - PRECIOS OFERTA '!$1:$1048576,2,0) -> Plotter 1. Impresión de Banner a 1440 DPI, tamaño 2,70X2,70 metros. Backing // Banner backing: Incluye costo de instalación en marco tipo C y transporte al lugar de instalación. modular y escalable. Diseño suministrado por la FUGA | G14: =VLOOKUP(E14,'FICHA TECNICA - PRECIOS OFERTA '!$1:$1048576,3,0) -> 516700 | H14: 77 | I14: =+G14*H14 -> 39785900 | J14: =SUM(I14:I22) -> 52149700
B15: 2 | C15: 45081 | D15: 1 | E15: 203 | F15: =VLOOKUP(E15,'FICHA TECNICA - PRECIOS OFERTA '!$1:$1048576,2,0) -> Plotter 2. Realizar Vinilo de corte color a escogencia con texto a escogencia, descartonado e instalado. medidas aproximadas de 200X200 cms. Diseño suministrado por la FUGA. Incluye transporte al lugar de instalación. | G15: =VLOOKUP(E15,'FICHA TECNICA - PRECIOS OFERTA '!$1:$1048576,3,0) -> 382200 | H15: 14 | I15: =+G15*H15 -> 5350800
B16: 2 | C16: 45081 | D16: 1 | E16: 11 | F16: =VLOOKUP(E16,'FICHA TECNICA - PRECIOS OFERTA '!$1:$1048576,2,0) -> Camión tipo 1 de 3,70 M de longitud modelo 2010 en adelante, servicio de alquiler por trayecto. Debe incluir conductor y ayudante | G16: =VLOOKUP(E16,'FICHA TECNICA - PRECIOS OFERTA '!$1:$1048576,3,0) -> 434100 | H16: 2 | I16: =+G16*H16 -> 868200
B17: 2 | C17: 45081 | D17: 1 | E17: 182 | F17: =VLOOKUP(E17,'FICHA TECNICA - PRECIOS OFERTA '!$1:$1048576,2,0) -> COORDINADOR que deberá cumplir con los requisitos específicos, experiencia, nivel académico y cursos de acuerdo a lo señalado en las especificaciones técnicas, por 8 horas // 1. Requisitos específicos: a) Coordinar al grupo de operadores de protocolo. Esto es, establecer funciones, especificaciones y ubicación de los operadores dentro del lugar atendiendo las necesidades específicas del tipo de evento. b) Mantener informada a la Fundación de las novedades que se presenten antes, durante y al final de cada función. c) Las demás exigidas para los operadores logísticos de protocolo y de brigada. 2. Experiencia requerida: Dos (2) años como coordinador en actividades o servicios logísticos de protocolo en teatros de gran formato o auditorios con aglomeraciones de público de media complejidad. Nivel académico: Título de técnico o profesional en cualquier área. 3.Cursos: Debe tener certificaciones de cursos en: a) Primeros auxilios. 10 horas. b) En temas de planes de emergencia y contingencia. 20 horas. c) Capacitación en normas de etiqueta y protocolo. 10 horas | G17: =VLOOKUP(E17,'FICHA TECNICA - PRECIOS OFERTA '!$1:$1048576,3,0) -> 351600 | H17: 2 | I17: =+G17*H17 -> 703200
B18: 2 | C18: 45081 | D18: 1 | E18: 191 | F18: =VLOOKUP(E18,'FICHA TECNICA - PRECIOS OFERTA '!$1:$1048576,2,0) -> Operario para montaje y desmontaje de Carga por día de servicio. con dotacion de guantes y elementos de carga. | G18: =VLOOKUP(E18,'FICHA TECNICA - PRECIOS OFERTA '!$1:$1048576,3,0) -> 216800 | H18: 6 | I18: =+G18*H18 -> 1300800
B19: 2 | C19: 45081 | D19: 1 | E19: 151 | F19: =VLOOKUP(E19,'FICHA TECNICA - PRECIOS OFERTA '!$1:$1048576,2,0) -> Piso tablón negro. Servicio de alquiler por 24 horas, contadas a partir del recibo a satisfacción de la entidad. // 1,20 x 2,4 Metros. Debe incluir transporte, instalación y desmontaje al lugar y en el horario indicado por la FUGA. | G19: =VLOOKUP(E19,'FICHA TECNICA - PRECIOS OFERTA '!$1:$1048576,3,0) -> 132700 | H19: 20 | I19: =+G19*H19 -> 2654000
B20: 2 | C20: 45081 | D20: 1 | E20: 111 | F20: =VLOOKUP(E20,'FICHA TECNICA - PRECIOS OFERTA '!$1:$1048576,2,0) -> Reflector LED Luz cálida para exterior 70W y 100W. Precio por día (12 horas). Debe incluir transporte, operario y 100 Metros de cubre cables. // Precio por día (12 horas). Debe incluir transporte, operario y 100m de cubre cables. | G20: =VLOOKUP(E20,'FICHA TECNICA - PRECIOS OFERTA '!$1:$1048576,3,0) -> 398800 | H20: 1 | I20: =+G20*H20 -> 398800
B21: 2 | C21: 45081 | D21: 1 | E21: 146 | F21: =VLOOKUP(E21,'FICHA TECNICA - PRECIOS OFERTA '!$1:$1048576,2,0) -> Carpa tipo pagoda/árabe 4mts x 4 mts de fondo .Estructural en tubería cuadrada encerchada y de fácil ensamblaje, Lona plástica con microfibras internas totalmente impermeable para el techo tamaños de, con laterales tipo vitral. Precio de alquiler por 12 horas. Debe incluir montaje, desmontaje y transporte. // Precio por día (12 horas). Debe incluir montaje, desmontaje y transporte. | G21: =VLOOKUP(E21,'FICHA TECNICA - PRECIOS OFERTA '!$1:$1048576,3,0) -> 324000 | H21: 3 | I21: =+G21*H21 -> 972000
B22: 2 | C22: 45081 | D22: 1 | E22: 235 | F22: =VLOOKUP(E22,'FICHA TECNICA - PRECIOS OFERTA '!$1:$1048576,2,0) -> Servicio alimentación - Refrigerio // Bebida, sanduche de jamón y queso, fruta de temporada. incluye transporte al lugar y en el horario indicados por la FUGA. De igual manera deberán entregarse debidamente embalados y deberán garantizarse las medidas de bioseguridad a que haya lugar. | G22: =VLOOKUP(E22,'FICHA TECNICA - PRECIOS OFERTA '!$1:$1048576,3,0) -> 11600 | H22: 10 | I22: =+G22*H22 -> 116000
A23: EXPERIENCIA BRONX-FUGUIS EN SMART CITY | B23: 3 | C23: 45079 | D23: 1 | E23: 203 | F23: =VLOOKUP(E23,'FICHA TECNICA - PRECIOS OFERTA '!$1:$1048576,2,0) -> Plotter 2. Realizar Vinilo de corte color a escogencia con texto a escogencia, descartonado e instalado. medidas aproximadas de 200X200 cms. Diseño suministrado por la FUGA. Incluye transporte al lugar de instalación. | G23: =VLOOKUP(E23,'FICHA TECNICA - PRECIOS OFERTA '!$1:$1048576,3,0) -> 382200 | H23: 4 | I23: =+G23*H23 -> 1528800 | J23: =SUM(I23:I28) -> 5729400
B24: 3 | C24: 45079 | D24: 1 | E24: 11 | F24: =VLOOKUP(E24,'FICHA TECNICA - PRECIOS OFERTA '!$1:$1048576,2,0) -> Camión tipo 1 de 3,70 M de longitud modelo 2010 en adelante, servicio de alquiler por trayecto. Debe incluir conductor y ayudante | G24: =VLOOKUP(E24,'FICHA TECNICA - PRECIOS OFERTA '!$1:$1048576,3,0) -> 434100 | H24: 2 | I24: =+G24*H24 -> 868200
B25: 3 | C25: 45079 | D25: 1 | E25: 182 | F25: =VLOOKUP(E25,'FICHA TECNICA - PRECIOS OFERTA '!$1:$1048576,2,0) -> COORDINADOR que deberá cumplir con los requisitos específicos, experiencia, nivel académico y cursos de acuerdo a lo señalado en las especificaciones técnicas, por 8 horas // 1. Requisitos específicos: a) Coordinar al grupo de operadores de protocolo. Esto es, establecer funciones, especificaciones y ubicación de los operadores dentro del lugar atendiendo las necesidades específicas del tipo de evento. b) Mantener informada a la Fundación de las novedades que se presenten antes, durante y al final de cada función. c) Las demás exigidas para los operadores logísticos de protocolo y de brigada. 2. Experiencia requerida: Dos (2) años como coordinador en actividades o servicios logísticos de protocolo en teatros de gran formato o auditorios con aglomeraciones de público de media complejidad. Nivel académico: Título de técnico o profesional en cualquier área. 3.Cursos: Debe tener certificaciones de cursos en: a) Primeros auxilios. 10 horas. b) En temas de planes de emergencia y contingencia. 20 horas. c) Capacitación en normas de etiqueta y protocolo. 10 horas | G25: =VLOOKUP(E25,'FICHA TECNICA - PRECIOS OFERTA '!$1:$1048576,3,0) -> 351600 | H25: 2 | I25: =+G25*H25 -> 703200
B26: 3 | C26: 45079 | D26: 1 | E26: 191 | F26: =VLOOKUP(E26,'FICHA TECNICA - PRECIOS OFERTA '!$1:$1048576,2,0) -> Operario para montaje y desmontaje de Carga por día de servicio. con dotacion de guantes y elementos de carga. | G26: =VLOOKUP(E26,'FICHA TECNICA - PRECIOS OFERTA '!$1:$1048576,3,0) -> 216800 | H26: 6 | I26: =+G26*H26 -> 1300800
B27: 3 | C27: 45079 | D27: 1 | E27: 151 | F27: =VLOOKUP(E27,'FICHA TECNICA - PRECIOS OFERTA '!$1:$1048576,2,0) -> Piso tablón negro. Servicio de alquiler por 24 horas, contadas a partir del recibo a satisfacción de la entidad. // 1,20 x 2,4 Metros. Debe incluir transporte, instalación y desmontaje al lugar y en el horario indicado por la FUGA. | G27: =VLOOKUP(E27,'FICHA TECNICA - PRECIOS OFERTA '!$1:$1048576,3,0) -> 132700 | H27: 4 | I27: =+G27*H27 -> 530800
B28: 3 | C28: 45079 | D28: 1 | E28: 111 | F28: =VLOOKUP(E28,'FICHA TECNICA - PRECIOS OFERTA '!$1:$1048576,2,0) -> Reflector LED Luz cálida para exterior 70W y 100W. Precio por día (12 horas). Debe incluir transporte, operario y 100 Metros de cubre cables. // Precio por día (12 horas). Debe incluir transporte, operario y 100m de cubre cables. | G28: =VLOOKUP(E28,'FICHA TECNICA - PRECIOS OFERTA '!$1:$1048576,3,0) -> 398800 | H28: 2 | I28: =+G28*H28 -> 797600
A29: FÚGATE AL BARRIO | B29: 4 | C29: 45073 | D29: 1 | E29: 235 | F29: =VLOOKUP(E29,'FICHA TECNICA - PRECIOS OFERTA '!$1:$1048576,2,0) -> Servicio alimentación - Refrigerio // Bebida, sanduche de jamón y queso, fruta de temporada. incluye transporte al lugar y en el horario indicados por la FUGA. De igual manera deberán entregarse debidamente embalados y deberán garantizarse las medidas de bioseguridad a que haya lugar. | G29: =VLOOKUP(E29,'FICHA TECNICA - PRECIOS OFERTA '!$1:$1048576,3,0) -> 11600 | H29: 20 | I29: =+G29*H29 -> 232000 | J29: =SUM(I29:I29) -> 232000
A30: FÚGATE AL BARRIO | B30: 5 | C30: 45080 | D30: 1 | E30: 235 | F30: =VLOOKUP(E30,'FICHA TECNICA - PRECIOS OFERTA '!$1:$1048576,2,0) -> Servicio alimentación - Refrigerio // Bebida, sanduche de jamón y queso, fruta de temporada. incluye transporte al lugar y en el horario indicados por la FUGA. De igual manera deberán entregarse debidamente embalados y deberán garantizarse las medidas de bioseguridad a que haya lugar. | G30: =VLOOKUP(E30,'FICHA TECNICA - PRECIOS OFERTA '!$1:$1048576,3,0) -> 11600 | H30: 30 | I30: =+G30*H30 -> 348000 | J30: =SUM(I30:I31) -> 754000
B31: 5 | C31: 45080 | D31: 1 | E31: 136 | F31: =VLOOKUP(E31,'FICHA TECNICA - PRECIOS OFERTA '!$1:$1048576,2,0) -> Carpa 2mts x 2 mts, altura central de 2,40 mts, parales de 2,10 mts de altura, estilo pirámide o 4 aguas, estructural en tubería cuadrada encerchada y de fácil ensamblaje, Lona plástica con microfibras internas totalmente impermeable para el techo. Precio de alquiler por día (12 horas). Debe incluir montaje, desmontaje y transporte. // Precio por 12 horas. Debe incluir montaje, desmontaje y transporte. | G31: =VLOOKUP(E31,'FICHA TECNICA - PRECIOS OFERTA '!$1:$1048576,3,0) -> 203000 | H31: 2 | I31: =+G31*H31 -> 406000
A32: URBANISMO TACTICO PARQUE SANTANDER | B32: 7 | C32: 45079 | D32: 1 | E32: 235 | F32: =VLOOKUP(E32,'FICHA TECNICA - PRECIOS OFERTA '!$1:$1048576,2,0) -> Servicio alimentación - Refrigerio // Bebida, sanduche de jamón y queso, fruta de temporada. incluye transporte al lugar y en el horario indicados por la FUGA. De igual manera deberán entregarse debidamente embalados y deberán garantizarse las medidas de bioseguridad a que haya lugar. | G32: =VLOOKUP(E32,'FICHA TECNICA - PRECIOS OFERTA '!$1:$1048576,3,0) -> 11600 | H32: 8 | I32: =+G32*H32 -> 92800 | J32: =SUM(I32:I35) -> 1746200
B33: 7 | C33: 45079 | D33: 1 | E33: 182 | F33: =VLOOKUP(E33,'FICHA TECNICA - PRECIOS OFERTA '!$1:$1048576,2,0) -> COORDINADOR que deberá cumplir con los requisitos específicos, experiencia, nivel académico y cursos de acuerdo a lo señalado en las especificaciones técnicas, por 8 horas // 1. Requisitos específicos: a) Coordinar al grupo de operadores de protocolo. Esto es, establecer funciones, especificaciones y ubicación de los operadores dentro del lugar atendiendo las necesidades específicas del tipo de evento. b) Mantener informada a la Fundación de las novedades que se presenten antes, durante y al final de cada función. c) Las demás exigidas para los operadores logísticos de protocolo y de brigada. 2. Experiencia requerida: Dos (2) años como coordinador en actividades o servicios logísticos de protocolo en teatros de gran formato o auditorios con aglomeraciones de público de media complejidad. Nivel académico: Título de técnico o profesional en cualquier área. 3.Cursos: Debe tener certificaciones de cursos en: a) Primeros auxilios. 10 horas. b) En temas de planes de emergencia y contingencia. 20 horas. c) Capacitación en normas de etiqueta y protocolo. 10 horas | G33: =VLOOKUP(E33,'FICHA TECNICA - PRECIOS OFERTA '!$1:$1048576,3,0) -> 351600 | H33: 1 | I33: =+G33*H33 -> 351600
B34: 7 | C34: 45079 | D34: 1 | E34: 191 | F34: =VLOOKUP(E34,'FICHA TECNICA - PRECIOS OFERTA '!$1:$1048576,2,0) -> Operario para montaje y desmontaje de Carga por día de servicio. con dotacion de guantes y elementos de carga. | G34: =VLOOKUP(E34,'FICHA TECNICA - PRECIOS OFERTA '!$1:$1048576,3,0) -> 216800 | H34: 2 | I34: =+G34*H34 -> 433600
B35: 7 | C35: 45079 | D35: 1 | E35: 11 | F35: =VLOOKUP(E35,'FICHA TECNICA - PRECIOS OFERTA '!$1:$1048576,2,0) -> Camión tipo 1 de 3,70 M de longitud modelo 2010 en adelante, servicio de alquiler por trayecto. Debe incluir conductor y ayudante | G35: =VLOOKUP(E35,'FICHA TECNICA - PRECIOS OFERTA '!$1:$1048576,3,0) -> 434100 | H35: 2 | I35: =+G35*H35 -> 868200
A36: FÚGATE AL BARRIO | B36: 8 | C36: 45083 | D36: 1 | E36: 235 | F36: =VLOOKUP(E36,'FICHA TECNICA - PRECIOS OFERTA '!$1:$1048576,2,0) -> Servicio alimentación - Refrigerio // Bebida, sanduche de jamón y queso, fruta de temporada. incluye transporte al lugar y en el horario indicados por la FUGA. De igual manera deberán entregarse debidamente embalados y deberán garantizarse las medidas de bioseguridad a que haya lugar. | G36: =VLOOKUP(E36,'FICHA TECNICA - PRECIOS OFERTA '!$1:$1048576,3,0) -> 11600 | H36: 30 | I36: =+G36*H36 -> 348000 | J36: =SUM(I36:I36) -> 348000
A37: Urbanismo Táctico Parque Santander | B37: 10 | C37: 45093 | D37: 1 | E37: 235 | F37: =VLOOKUP(E37,'FICHA TECNICA - PRECIOS OFERTA '!$1:$1048576,2,0) -> Servicio alimentación - Refrigerio // Bebida, sanduche de jamón y queso, fruta de temporada. incluye transporte al lugar y en el horario indicados por la FUGA. De igual manera deberán entregarse debidamente embalados y deberán garantizarse las medidas de bioseguridad a que haya lugar. | G37: =VLOOKUP(E37,'FICHA TECNICA - PRECIOS OFERTA '!$1:$1048576,3,0) -> 11600 | H37: 8 | I37: =+G37*H37 -> 92800 | J37: =SUM(I37:I40) -> 1746200
B38: 10 | C38: 45093 | D38: 1 | E38: 182 | F38: =VLOOKUP(E38,'FICHA TECNICA - PRECIOS OFERTA '!$1:$1048576,2,0) -> COORDINADOR que deberá cumplir con los requisitos específicos, experiencia, nivel académico y cursos de acuerdo a lo señalado en las especificaciones técnicas, por 8 horas // 1. Requisitos específicos: a) Coordinar al grupo de operadores de protocolo. Esto es, establecer funciones, especificaciones y ubicación de los operadores dentro del lugar atendiendo las necesidades específicas del tipo de evento. b) Mantener informada a la Fundación de las novedades que se presenten antes, durante y al final de cada función. c) Las demás exigidas para los operadores logísticos de protocolo y de brigada. 2. Experiencia requerida: Dos (2) años como coordinador en actividades o servicios logísticos de protocolo en teatros de gran formato o auditorios con aglomeraciones de público de media complejidad. Nivel académico: Título de técnico o profesional en cualquier área. 3.Cursos: Debe tener certificaciones de cursos en: a) Primeros auxilios. 10 horas. b) En temas de planes de emergencia y contingencia. 20 horas. c) Capacitación en normas de etiqueta y protocolo. 10 horas | G38: =VLOOKUP(E38,'FICHA TECNICA - PRECIOS OFERTA '!$1:$1048576,3,0) -> 351600 | H38: 1 | I38: =+G38*H38 -> 351600
B39: 10 | C39: 45093 | D39: 1 | E39: 191 | F39: =VLOOKUP(E39,'FICHA TECNICA - PRECIOS OFERTA '!$1:$1048576,2,0) -> Operario para montaje y desmontaje de Carga por día de servicio. con dotacion de guantes y elementos de carga. | G39: =VLOOKUP(E39,'FICHA TECNICA - PRECIOS OFERTA '!$1:$1048576,3,0) -> 216800 | H39: 2 | I39: =+G39*H39 -> 433600
B40: 10 | C40: 45093 | D40: 1 | E40: 11 | F40: =VLOOKUP(E40,'FICHA TECNICA - PRECIOS OFERTA '!$1:$1048576,2,0) -> Camión tipo 1 de 3,70 M de longitud modelo 2010 en adelante, servicio de alquiler por trayecto. Debe incluir conductor y ayudante | G40: =VLOOKUP(E40,'FICHA TECNICA - PRECIOS OFERTA '!$1:$1048576,3,0) -> 434100 | H40: 2 | I40: =+G40*H40 -> 868200
A41: DERIVA No 01-"Huellas de resistencia, memoria y vida callejera en el Centro de Bogotá 1999-2016" | B41: 14 | C41: 45107 | D41: 1 | E41: 332 | F41: El porcentaje de administración global INCLUIDO todos los impuestos, el cual procederá únicamente para cada una de las siguientes actividades: Servicios artísticos, especializados y/o comunitarios, los cuales contemplan la posible contratación de actividades que solamente pueden ser encomendadas a determinadas personas, tales como guías, mediadores, conferencistas, actores comunitarios, talleristas, artistas, agrupaciones artísticas, entre otros. Reserva y compra de tiquetes aéreos y terrestres, en caso a que haya lugar. ( Porcentaje de administración para la consecución de tiquetes aéreos nacionales e internacionales según solicitud de la FUGA. Gestión necesaria para realizar pauta a través de los medios digitales que indique la entidad. El porcentaje de administración aquí cotizado se calculará de conformidad con el valor del itinerario aéreo aprobado por la FUGA). Hospedaje, en caso a que haya lugar. | G41: 180289.66 | H41: 3 | I41: =+G41*H41 -> 540868.98 | J41: =SUM(I41:I41) -> 540868.98
A42: DERIVA No 02-"Huellas de resistencia, memoria y vida callejera en el Centro de Bogotá 1999-2016" | B42: 15 | C42: 45107 | D42: 1 | E42: 332 | F42: El porcentaje de administración global INCLUIDO todos los impuestos, el cual procederá únicamente para cada una de las siguientes actividades: Servicios artísticos, especializados y/o comunitarios, los cuales contemplan la posible contratación de actividades que solamente pueden ser encomendadas a determinadas personas, tales como guías, mediadores, conferencistas, actores comunitarios, talleristas, artistas, agrupaciones artísticas, entre otros. Reserva y compra de tiquetes aéreos y terrestres, en caso a que haya lugar. ( Porcentaje de administración para la consecución de tiquetes aéreos nacionales e internacionales según solicitud de la FUGA. Gestión necesaria para realizar pauta a través de los medios digitales que indique la entidad. El porcentaje de administración aquí cotizado se calculará de conformidad con el valor del itinerario aéreo aprobado por la FUGA). Hospedaje, en caso a que haya lugar. | G42: 180289.66 | H42: 3 | I42: =+G42*H42 -> 540868.98 | J42: =I42 -> 540868.98
A43: Pasarela Esquina Redonda Museo Nacional | B43: 6 | C43: 45107 | D43: 2 | E43: 235 | F43: =VLOOKUP(E43,'FICHA TECNICA - PRECIOS OFERTA '!$1:$1048576,2,0) -> Servicio alimentación - Refrigerio // Bebida, sanduche de jamón y queso, fruta de temporada. incluye transporte al lugar y en el horario indicados por la FUGA. De igual manera deberán entregarse debidamente embalados y deberán garantizarse las medidas de bioseguridad a que haya lugar. | G43: =VLOOKUP(E43,'FICHA TECNICA - PRECIOS OFERTA '!$1:$1048576,3,0) -> 11600 | H43: 40 | I43: =+(G43*H43) -> 464000 | J43: =SUM(I43:I49) -> 4839600
B44: 6 | C44: 45107 | D44: 2 | E44: 182 | F44: =VLOOKUP(E44,'FICHA TECNICA - PRECIOS OFERTA '!$1:$1048576,2,0) -> COORDINADOR que deberá cumplir con los requisitos específicos, experiencia, nivel académico y cursos de acuerdo a lo señalado en las especificaciones técnicas, por 8 horas // 1. Requisitos específicos: a) Coordinar al grupo de operadores de protocolo. Esto es, establecer funciones, especificaciones y ubicación de los operadores dentro del lugar atendiendo las necesidades específicas del tipo de evento. b) Mantener informada a la Fundación de las novedades que se presenten antes, durante y al final de cada función. c) Las demás exigidas para los operadores logísticos de protocolo y de brigada. 2. Experiencia requerida: Dos (2) años como coordinador en actividades o servicios logísticos de protocolo en teatros de gran formato o auditorios con aglomeraciones de público de media complejidad. Nivel académico: Título de técnico o profesional en cualquier área. 3.Cursos: Debe tener certificaciones de cursos en: a) Primeros auxilios. 10 horas. b) En temas de planes de emergencia y contingencia. 20 horas. c) Capacitación en normas de etiqueta y protocolo. 10 horas | G44: =VLOOKUP(E44,'FICHA TECNICA - PRECIOS OFERTA '!$1:$1048576,3,0) -> 351600 | H44: 1 | I44: =+G44*H44 -> 351600
B45: 6 | C45: 45107 | D45: 2 | E45: 179 | F45: =VLOOKUP(E45,'FICHA TECNICA - PRECIOS OFERTA '!$1:$1048576,2,0) -> Asistente Técnico (ROADIE). Servicio por 4 horas a cargo del montaje del sistema de amplificación solicitado y como apoyo técnico en tarima. El valor a cotizar se estima por día, por lo que se solicita indicar un valor global en este ítem. // A cargo del montaje del sistema de amplificación solicitado y como apoyo técnico en tarima. Experiencia Requerida: Minimo un (01) año de experiencia. | G45: =VLOOKUP(E45,'FICHA TECNICA - PRECIOS OFERTA '!$1:$1048576,3,0) -> 330200 | H45: 1 | I45: =+G45*H45 -> 330200
B46: 6 | C46: 45107 | D46: 2 | E46: 11 | F46: =VLOOKUP(E46,'FICHA TECNICA - PRECIOS OFERTA '!$1:$1048576,2,0) -> Camión tipo 1 de 3,70 M de longitud modelo 2010 en adelante, servicio de alquiler por trayecto. Debe incluir conductor y ayudante | G46: =VLOOKUP(E46,'FICHA TECNICA - PRECIOS OFERTA '!$1:$1048576,3,0) -> 434100 | H46: 2 | I46: =+G46*H46 -> 868200
B47: 6 | C47: 45107 | D47: 2 | E47: 191 | F47: =VLOOKUP(E47,'FICHA TECNICA - PRECIOS OFERTA '!$1:$1048576,2,0) -> Operario para montaje y desmontaje de Carga por día de servicio. con dotacion de guantes y elementos de carga. | G47: =VLOOKUP(E47,'FICHA TECNICA - PRECIOS OFERTA '!$1:$1048576,3,0) -> 216800 | H47: 4 | I47: =+G47*H47 -> 867200
B48: 6 | C48: 45107 | D48: 2 | E48: 202 | F48: =VLOOKUP(E48,'FICHA TECNICA - PRECIOS OFERTA '!$1:$1048576,2,0) -> Plotter 1. Impresión de Banner a 1440 DPI, tamaño 2,70X2,70 metros. Backing // Banner backing: Incluye costo de instalación en marco tipo C y transporte al lugar de instalación. modular y escalable. Diseño suministrado por la FUGA | G48: =VLOOKUP(E48,'FICHA TECNICA - PRECIOS OFERTA '!$1:$1048576,3,0) -> 516700 | H48: 2 | I48: =+G48*H48 -> 1033400
B49: 6 | C49: 45107 | D49: 2 | E49: 97 | F49: =VLOOKUP(E49,'FICHA TECNICA - PRECIOS OFERTA '!$1:$1048576,2,0) -> Paquete 3 de sonido. Servicio de alquiler por 12 horas, contadas a partir del recibo de la entidad. // 4 Micrófonos de cable Tipo Vocal - 4 Micrófonos de cable Tipo Instrumental - 4 Cabinas activas de 12" de 1000 W con su respectivo trípode - 4 Cabinas activas de 15" de 500 W con su respectivo trípode - 1 Consola digital de 16 canales - 4 Cajas directas - 1 Reproductor de CD / PC - Protector de voltaje. Dicho servicio incluye transporte al lugar y en el horario indicado por la FUGA | G49: =VLOOKUP(E49,'FICHA TECNICA - PRECIOS OFERTA '!$1:$1048576,3,0) -> 925000 | H49: 1 | I49: =+G49*H49 -> 925000
A50: El Bronx presenta XXVII Festival de Música del Pacífico Petronio Álvarez | B50: 11 | C50: 22/072023 | D50: 2 | E50: 79 | F50: =VLOOKUP(E50,'FICHA TECNICA - PRECIOS OFERTA '!$1:$1048576,2,0) -> Luces móviles spot 1200 con portagobos. Servicio de alquiler por 12 horas, contadas a partir del recibo de la entidad.// el servicio incluye transporte al lugar y en el horario indicado por la FUGA | G50: =VLOOKUP(E50,'FICHA TECNICA - PRECIOS OFERTA '!$1:$1048576,3,0) -> 312600 | H50: 8 | I50: =+G50*H50 -> 2500800 | J50: =SUM(I50:I145) -> 336701200
B51: 11 | C51: 22/072023 | D51: 2 | E51: 80 | F51: =VLOOKUP(E51,'FICHA TECNICA - PRECIOS OFERTA '!$1:$1048576,2,0) -> Luces móviles wash 1200. Servicio de alquiler por 12 horas // El servicio incluye transporte al lugar y en el horario indicado por la FUGA | G51: =VLOOKUP(E51,'FICHA TECNICA - PRECIOS OFERTA '!$1:$1048576,3,0) -> 305900 | H51: 6 | I51: =+G51*H51 -> 1835400
B52: 11 | C52: 22/072023 | D52: 2 | E52: 69 | F52: =VLOOKUP(E52,'FICHA TECNICA - PRECIOS OFERTA '!$1:$1048576,2,0) -> Equipos cabeza móvil spot o wash. |Servicio de alquiler por 12 horas, contadas a partir del recibo de la entidad. // Cabeza móvil wash de 700W Dicho servicio incluye transporte al lugar y en el horario indicado por la FUGA | G52: =VLOOKUP(E52,'FICHA TECNICA - PRECIOS OFERTA '!$1:$1048576,3,0) -> 187400 | H52: 12 | I52: =+G52*H52 -> 2248800
B53: 11 | C53: 22/072023 | D53: 2 | E53: 89 | F53: =VLOOKUP(E53,'FICHA TECNICA - PRECIOS OFERTA '!$1:$1048576,2,0) -> Minibrutos de 8 lámparas potencia 5200W .Precio por 12 horas // el servicio incluye transporte al lugar y en el horario indicado por la FUGA | G53: =VLOOKUP(E53,'FICHA TECNICA - PRECIOS OFERTA '!$1:$1048576,3,0) -> 376500 | H53: 2 | I53: =+G53*H53 -> 753000
B54: 11 | C54: 22/072023 | D54: 2 | E54: 42 | F54: =VLOOKUP(E54,'FICHA TECNICA - PRECIOS OFERTA '!$1:$1048576,2,0) -> Barra LED RGB // Ángulo de apertura 12, 1 Metro lineal / 45°, Requieren controlador(capacidad 180w / 600w compatible dmx512) y fuente (60w). Alquier de 12 horas contadas del recibo del recibo por la entidad. Dicho servicio incluye transporte al lugar y en el horario indicado por la FUGA | G54: =VLOOKUP(E54,'FICHA TECNICA - PRECIOS OFERTA '!$1:$1048576,3,0) -> 327800 | H54: 8 | I54: =+G54*H54 -> 2622400
B55: 11 | C55: 22/072023 | D55: 2 | E55: 41 | F55: =VLOOKUP(E55,'FICHA TECNICA - PRECIOS OFERTA '!$1:$1048576,2,0) -> Barra LED para iluminación de fachadas. Servicio de alquiler por 12 horas, contadas a partir del recibo del recibo por la entidad..// Led. RGBWY. Dicho servicio incluye transporte al lugar y en el horario indicado por la FUGA | G55: =VLOOKUP(E55,'FICHA TECNICA - PRECIOS OFERTA '!$1:$1048576,3,0) -> 258200 | H55: 8 | I55: =+G55*H55 -> 2065600
B56: 11 | C56: 22/072023 | D56: 2 | E56: 103 | F56: =VLOOKUP(E56,'FICHA TECNICA - PRECIOS OFERTA '!$1:$1048576,2,0) -> Par Led. Servicio de alquiler por 12 horas, contadas a partir del recibo de la entidad.// Par Led. RGBWY. Dicho servicio incluye transporte al lugar y en el horario indicado por la FUGA | G56: =VLOOKUP(E56,'FICHA TECNICA - PRECIOS OFERTA '!$1:$1048576,3,0) -> 145800 | H56: 12 | I56: =+G56*H56 -> 1749600
B57: 11 | C57: 22/072023 | D57: 2 | E57: 82 | F57: =VLOOKUP(E57,'FICHA TECNICA - PRECIOS OFERTA '!$1:$1048576,2,0) -> Máquina humo. Servicio de alquiler por 12 horas, contadas a partir del recibo a satisfacción de la entidad. // Máquina de humo (con ventilador para garantizar dispersión) y conexión a dmx o eternet. Dicho servicio incluye transporte al lugar y en el horario indicado por la FUGA | G57: =VLOOKUP(E57,'FICHA TECNICA - PRECIOS OFERTA '!$1:$1048576,3,0) -> 104900 | H57: 6 | I57: =+G57*H57 -> 629400
B58: 11 | C58: 22/072023 | D58: 2 | E58: 113 | F58: =VLOOKUP(E58,'FICHA TECNICA - PRECIOS OFERTA '!$1:$1048576,2,0) -> Seguidor. Servicio de alquiler por 12 horas, contadas a partir del recibo de la entidad. // 1200 W HMI. Dicho servicio incluye transporte al lugar y en el horario indicado por la FUGA | G58: =VLOOKUP(E58,'FICHA TECNICA - PRECIOS OFERTA '!$1:$1048576,3,0) -> 726200 | H58: 1 | I58: =+G58*H58 -> 726200
B59: 11 | C59: 22/072023 | D59: 2 | E59: 74 | F59: =VLOOKUP(E59,'FICHA TECNICA - PRECIOS OFERTA '!$1:$1048576,2,0) -> Iluminación móvil. Servicio de alquiler por 12 horas, contadas a partir del recibo de la entidad. // Consola de iluminación con salidas compatibles con protocolo DMX. Dicho servicio incluye transporte al lugar y en el horario indicado por la FUGA | G59: =VLOOKUP(E59,'FICHA TECNICA - PRECIOS OFERTA '!$1:$1048576,3,0) -> 488000 | H59: 3 | I59: =+G59*H59 -> 1464000
B60: 11 | C60: 22/072023 | D60: 2 | E60: 122 | F60: =VLOOKUP(E60,'FICHA TECNICA - PRECIOS OFERTA '!$1:$1048576,2,0) -> Sistema de truss de 3 Metros de largo por 40 cm de alto y 40 cm de ancho Peso 27.5 Kg. Diámetro principal del tubo: 50mm, por día: (12 horas). Debe incluir montaje y transporte. // Peso 27.5 Kg. Diámetro principal del tubo: 50mm | G60: =VLOOKUP(E60,'FICHA TECNICA - PRECIOS OFERTA '!$1:$1048576,3,0) -> 331300 | H60: 8 | I60: =+G60*H60 -> 2650400
B61: 11 | C61: 22/072023 | D61: 2 | E61: 130 | F61: =VLOOKUP(E61,'FICHA TECNICA - PRECIOS OFERTA '!$1:$1048576,2,0) -> Truss. Servicio de alquiler por 12 horas, contadas a partir del recibo de la entidad. // Alquiler Sistema de truss de 3 Metros de largo por 40 cm de alto y 40 cm de ancho Peso 27.5 Kg. Diámetro principal del tubo: 50mm. Debe incluir montaje y transporte. // Peso 27.5 Kg. Diámetro principal del tubo: 50mmDicho servicio incluye transporte al lugar y en el horario indicado por la FUGA. | G61: =VLOOKUP(E61,'FICHA TECNICA - PRECIOS OFERTA '!$1:$1048576,3,0) -> 316000 | H61: 8 | I61: =+G61*H61 -> 2528000
B62: 11 | C62: 22/072023 | D62: 2 | E62: 1 | F62: =VLOOKUP(E62,'FICHA TECNICA - PRECIOS OFERTA '!$1:$1048576,2,0) -> Planta eléctrica de 125 KV. Las plantas deben contar con su personal idóneo para su manejo y su perfecto funcionamiento durante pruebas y días de eventos. Deben tener: combustible suficiente para su funcionamiento durante pruebas de sonidos, ensayos y desarrollo del evento. Todas las plantas deberán estar empotradas en cabinas debidamente insonorizadas que permitan el trabajo a la intemperie. Todas las plantas eléctricas deberán contar con tableros de control con instrumentos e interruptor termo magnético, silenciador y breaker. Todos los elementos deben incluir los respectivos accesorios (parciales, bajantes, cajas de distribución, herramientas, elementos de protección y seguridad industrial, tendido eléctrico y cables etc.) Todas las plantas deberán contar con extintores en vehículo y planta. Todo el cableado utilizado deberá estar en perfectas condiciones de instalación teniendo en cuenta las normas de seguridad. Precio de alquiler por día (8 horas). Debe incluir transporte, operario. | G62: =VLOOKUP(E62,'FICHA TECNICA - PRECIOS OFERTA '!$1:$1048576,3,0) -> 1982300 | H62: 2 | I62: =+G62*H62 -> 3964600
... B140: 11 | C140: 22/072023 | D140: 2 | E140: 202 | F140: =VLOOKUP(E140,'FICHA TECNICA - PRECIOS OFERTA '!$1:$1048576,2,0) -> Plotter 1. Impresión de Banner a 1440 DPI, tamaño 2,70X2,70 metros. Backing // Banner backing: Incluye costo de instalación en marco tipo C y transporte al lugar de instalación. modular y escalable. Diseño suministrado por la FUGA | G140: =VLOOKUP(E140,'FICHA TECNICA - PRECIOS OFERTA '!$1:$1048576,3,0) -> 516700 | H140: 16 | I140: =+G140*H140 -> 8267200
B141: 11 | C141: 22/072023 | D141: 2 | E141: 332 | F141: El porcentaje de administración global INCLUIDO todos los impuestos, el cual procederá únicamente para cada una de las siguientes actividades: Servicios artísticos, especializados y/o comunitarios, los cuales contemplan la posible contratación de actividades que solamente pueden ser encomendadas a determinadas personas, tales como guías, mediadores, conferencistas, actores comunitarios, talleristas, artistas, agrupaciones artísticas, entre otros. Reserva y compra de tiquetes aéreos y terrestres, en caso a que haya lugar. ( Porcentaje de administración para la consecución de tiquetes aéreos nacionales e internacionales según solicitud de la FUGA. Gestión necesaria para realizar pauta a través de los medios digitales que indique la entidad. El porcentaje de administración aquí cotizado se calculará de conformidad con el valor del itinerario aéreo aprobado por la FUGA). Hospedaje, en caso a que haya lugar. | G141: 1676250 | H141: 1 | I141: =+G141*H141 -> 1676250
B142: 11 | C142: 22/072023 | D142: 2 | E142: 332 | F142: El porcentaje de administración global INCLUIDO todos los impuestos, el cual procederá únicamente para cada una de las siguientes actividades: Servicios artísticos, especializados y/o comunitarios, los cuales contemplan la posible contratación de actividades que solamente pueden ser encomendadas a determinadas personas, tales como guías, mediadores, conferencistas, actores comunitarios, talleristas, artistas, agrupaciones artísticas, entre otros. Reserva y compra de tiquetes aéreos y terrestres, en caso a que haya lugar. ( Porcentaje de administración para la consecución de tiquetes aéreos nacionales e internacionales según solicitud de la FUGA. Gestión necesaria para realizar pauta a través de los medios digitales que indique la entidad. El porcentaje de administración aquí cotizado se calculará de conformidad con el valor del itinerario aéreo aprobado por la FUGA). Hospedaje, en caso a que haya lugar. | G142: 1206900 | H142: 1 | I142: =+G142*H142 -> 1206900
B143: 11 | C143: 22/072023 | D143: 2 | E143: 332 | F143: El porcentaje de administración global INCLUIDO todos los impuestos, el cual procederá únicamente para cada una de las siguientes actividades: Servicios artísticos, especializados y/o comunitarios, los cuales contemplan la posible contratación de actividades que solamente pueden ser encomendadas a determinadas personas, tales como guías, mediadores, conferencistas, actores comunitarios, talleristas, artistas, agrupaciones artísticas, entre otros. Reserva y compra de tiquetes aéreos y terrestres, en caso a que haya lugar. ( Porcentaje de administración para la consecución de tiquetes aéreos nacionales e internacionales según solicitud de la FUGA. Gestión necesaria para realizar pauta a través de los medios digitales que indique la entidad. El porcentaje de administración aquí cotizado se calculará de conformidad con el valor del itinerario aéreo aprobado por la FUGA). Hospedaje, en caso a que haya lugar. | G143: 1676250 | H143: 1 | I143: =+G143*H143 -> 1676250
B144: 11 | C144: 22/072023 | D144: 2 | E144: 332 | F144: El porcentaje de administración global INCLUIDO todos los impuestos, el cual procederá únicamente para cada una de las siguientes actividades: Servicios artísticos, especializados y/o comunitarios, los cuales contemplan la posible contratación de actividades que solamente pueden ser encomendadas a determinadas personas, tales como guías, mediadores, conferencistas, actores comunitarios, talleristas, artistas, agrupaciones artísticas, entre otros. Reserva y compra de tiquetes aéreos y terrestres, en caso a que haya lugar. ( Porcentaje de administración para la consecución de tiquetes aéreos nacionales e internacionales según solicitud de la FUGA. Gestión necesaria para realizar pauta a través de los medios digitales que indique la entidad. El porcentaje de administración aquí cotizado se calculará de conformidad con el valor del itinerario aéreo aprobado por la FUGA). Hospedaje, en caso a que haya lugar. | G144: 6481500 | H144: 1 | I144: =+G144*H144 -> 6481500
B145: 11 | C145: 22/072023 | D145: 2 | E145: 211 | F145: =VLOOKUP(E145,'FICHA TECNICA - PRECIOS OFERTA '!$1:$1048576,2,0) -> Servicio de Ingeniero o arquitecto estructural para certificar estructura. Título profesional, 5 años de experiencia profesional relacionada. El valor a cotizar se estima x hora. // Título profesional, 5 años de experiencia profesional relacionada. | G145: =VLOOKUP(E145,'FICHA TECNICA - PRECIOS OFERTA '!$1:$1048576,3,0) -> 354500 | H145: 1 | I145: =+G145*H145 -> 354500
A146: EXPERIENCIA BRONX JOROPO AL PARQUE | B146: 12 | C146: 45102 | D146: 2 | E146: 11 | F146: =VLOOKUP(E146,'FICHA TECNICA - PRECIOS OFERTA '!$1:$1048576,2,0) -> Camión tipo 1 de 3,70 M de longitud modelo 2010 en adelante, servicio de alquiler por trayecto. Debe incluir conductor y ayudante | G146: =VLOOKUP(E146,'FICHA TECNICA - PRECIOS OFERTA '!$1:$1048576,3,0) -> 434100 | H146: 2 | I146: =+G146*H146 -> 868200 | J146: =SUM(I146:I155) -> 7713200
B147: 12 | C147: 45102 | D147: 2 | E147: 182 | F147: =VLOOKUP(E147,'FICHA TECNICA - PRECIOS OFERTA '!$1:$1048576,2,0) -> COORDINADOR que deberá cumplir con los requisitos específicos, experiencia, nivel académico y cursos de acuerdo a lo señalado en las especificaciones técnicas, por 8 horas // 1. Requisitos específicos: a) Coordinar al grupo de operadores de protocolo. Esto es, establecer funciones, especificaciones y ubicación de los operadores dentro del lugar atendiendo las necesidades específicas del tipo de evento. b) Mantener informada a la Fundación de las novedades que se presenten antes, durante y al final de cada función. c) Las demás exigidas para los operadores logísticos de protocolo y de brigada. 2. Experiencia requerida: Dos (2) años como coordinador en actividades o servicios logísticos de protocolo en teatros de gran formato o auditorios con aglomeraciones de público de media complejidad. Nivel académico: Título de técnico o profesional en cualquier área. 3.Cursos: Debe tener certificaciones de cursos en: a) Primeros auxilios. 10 horas. b) En temas de planes de emergencia y contingencia. 20 horas. c) Capacitación en normas de etiqueta y protocolo. 10 horas | G147: =VLOOKUP(E147,'FICHA TECNICA - PRECIOS OFERTA '!$1:$1048576,3,0) -> 351600 | H147: 2 | I147: =+G147*H147 -> 703200
B148: 12 | C148: 45102 | D148: 2 | E148: 191 | F148: =VLOOKUP(E148,'FICHA TECNICA - PRECIOS OFERTA '!$1:$1048576,2,0) -> Operario para montaje y desmontaje de Carga por día de servicio. con dotacion de guantes y elementos de carga. | G148: =VLOOKUP(E148,'FICHA TECNICA - PRECIOS OFERTA '!$1:$1048576,3,0) -> 216800 | H148: 6 | I148: =+G148*H148 -> 1300800
B149: 12 | C149: 45102 | D149: 2 | E149: 151 | F149: =VLOOKUP(E149,'FICHA TECNICA - PRECIOS OFERTA '!$1:$1048576,2,0) -> Piso tablón negro. Servicio de alquiler por 24 horas, contadas a partir del recibo a satisfacción de la entidad. // 1,20 x 2,4 Metros. Debe incluir transporte, instalación y desmontaje al lugar y en el horario indicado por la FUGA. | G149: =VLOOKUP(E149,'FICHA TECNICA - PRECIOS OFERTA '!$1:$1048576,3,0) -> 132700 | H149: 16 | I149: =+G149*H149 -> 2123200
B150: 12 | C150: 45102 | D150: 2 | E150: 111 | F150: =VLOOKUP(E150,'FICHA TECNICA - PRECIOS OFERTA '!$1:$1048576,2,0) -> Reflector LED Luz cálida para exterior 70W y 100W. Precio por día (12 horas). Debe incluir transporte, operario y 100 Metros de cubre cables. // Precio por día (12 horas). Debe incluir transporte, operario y 100m de cubre cables. | G150: =VLOOKUP(E150,'FICHA TECNICA - PRECIOS OFERTA '!$1:$1048576,3,0) -> 398800 | H150: 1 | I150: =+G150*H150 -> 398800
B151: 12 | C151: 45102 | D151: 2 | E151: 146 | F151: =VLOOKUP(E151,'FICHA TECNICA - PRECIOS OFERTA '!$1:$1048576,2,0) -> Carpa tipo pagoda/árabe 4mts x 4 mts de fondo .Estructural en tubería cuadrada encerchada y de fácil ensamblaje, Lona plástica con microfibras internas totalmente impermeable para el techo tamaños de, con laterales tipo vitral. Precio de alquiler por 12 horas. Debe incluir montaje, desmontaje y transporte. // Precio por día (12 horas). Debe incluir montaje, desmontaje y transporte. | G151: =VLOOKUP(E151,'FICHA TECNICA - PRECIOS OFERTA '!$1:$1048576,3,0) -> 324000 | H151: 3 | I151: =+G151*H151 -> 972000
B152: 12 | C152: 45102 | D152: 2 | E152: 235 | F152: =VLOOKUP(E152,'FICHA TECNICA - PRECIOS OFERTA '!$1:$1048576,2,0) -> Servicio alimentación - Refrigerio // Bebida, sanduche de jamón y queso, fruta de temporada. incluye transporte al lugar y en el horario indicados por la FUGA. De igual manera deberán entregarse debidamente embalados y deberán garantizarse las medidas de bioseguridad a que haya lugar. | G152: =VLOOKUP(E152,'FICHA TECNICA - PRECIOS OFERTA '!$1:$1048576,3,0) -> 11600 | H152: 10 | I152: =+G152*H152 -> 116000
B153: 12 | C153: 45102 | D153: 2 | E153: 229 | F153: =VLOOKUP(E153,'FICHA TECNICA - PRECIOS OFERTA '!$1:$1048576,2,0) -> Servicio alimentación - Agua botella // 300-350 ml. incluye transporte al lugar y en el horario indicados por la FUGA. De igual manera deberán entregarse debidamente embalados y deberán garantizarse las medidas de bioseguridad a que haya lugar. | G153: =VLOOKUP(E153,'FICHA TECNICA - PRECIOS OFERTA '!$1:$1048576,3,0) -> 3000 | H153: 20 | I153: =+G153*H153 -> 60000
B154: 12 | C154: 45102 | D154: 2 | E154: 192 | F154: =VLOOKUP(E154,'FICHA TECNICA - PRECIOS OFERTA '!$1:$1048576,2,0) -> Operario para montaje y desmontaje por 8 horas, con dotacion de guantes e identificacion de la empresa. | G154: =VLOOKUP(E154,'FICHA TECNICA - PRECIOS OFERTA '!$1:$1048576,3,0) -> 216800 | H154: 2 | I154: =+G154*H154 -> 433600
B155: 12 | C155: 45102 | D155: 2 | E155: 189 | F155: =VLOOKUP(E155,'FICHA TECNICA - PRECIOS OFERTA '!$1:$1048576,2,0) -> OPERADOR LOGÍSTICO DE PROTOCOLO que deberá cumplir con los requisitos específicos, experiencia, nivel académico y cursos de acuerdo a lo señalado en las especificaciones técnicas, por 8 horas // 1. Requisitos específicos: a) Deben ser personas con actitud de servicio, responsables, cumplidos y con excelente presentación personal. b) Estar debidamente uniformados. e) Cumplir con las funciones asignadas como equipo de primera intervención dentro del Plan de Emergencia de la Fundación. 2. Nivel académico: Mayores de edad que sean profesionales o estudiantes universitarios. 3. Cursos: a) Primeros auxilios. 10 horas. b) En temas de planes de emergencia y contingencia. 20 horas. c) Capacitación en normas de etiqueta y protocolo. 10 horas. | G155: =VLOOKUP(E155,'FICHA TECNICA - PRECIOS OFERTA '!$1:$1048576,3,0) -> 368700 | H155: 2 | I155: =+G155*H155 -> 737400
A156: EVENTO Y MARCHA PRIDE | B156: 13 | C156: 45109 | D156: 2 | E156: 202 | F156: =VLOOKUP(E156,'FICHA TECNICA - PRECIOS OFERTA '!$1:$1048576,2,0) -> Plotter 1. Impresión de Banner a 1440 DPI, tamaño 2,70X2,70 metros. Backing // Banner backing: Incluye costo de instalación en marco tipo C y transporte al lugar de instalación. modular y escalable. Diseño suministrado por la FUGA | G156: =VLOOKUP(E156,'FICHA TECNICA - PRECIOS OFERTA '!$1:$1048576,3,0) -> 516700 | H156: 1 | I156: =+G156*H156 -> 516700 | J156: =SUM(I156:I169) -> 29072700
B157: 13 | C157: 45109 | D157: 2 | E157: 229 | F157: =VLOOKUP(E157,'FICHA TECNICA - PRECIOS OFERTA '!$1:$1048576,2,0) -> Servicio alimentación - Agua botella // 300-350 ml. incluye transporte al lugar y en el horario indicados por la FUGA. De igual manera deberán entregarse debidamente embalados y deberán garantizarse las medidas de bioseguridad a que haya lugar. | G157: =VLOOKUP(E157,'FICHA TECNICA - PRECIOS OFERTA '!$1:$1048576,3,0) -> 3000 | H157: 2000 | I157: =+G157*H157 -> 6000000
B158: 13 | C158: 45109 | D158: 2 | E158: 203 | F158: =VLOOKUP(E158,'FICHA TECNICA - PRECIOS OFERTA '!$1:$1048576,2,0) -> Plotter 2. Realizar Vinilo de corte color a escogencia con texto a escogencia, descartonado e instalado. medidas aproximadas de 200X200 cms. Diseño suministrado por la FUGA. Incluye transporte al lugar de instalación. | G158: =VLOOKUP(E158,'FICHA TECNICA - PRECIOS OFERTA '!$1:$1048576,3,0) -> 382200 | H158: 4 | I158: =+G158*H158 -> 1528800
B159: 13 | C159: 45109 | D159: 2 | E159: 250 | F159: =VLOOKUP(E159,'FICHA TECNICA - PRECIOS OFERTA '!$1:$1048576,2,0) -> Letreros // Letreros: Elaboración de letreros en poliestireno forradas con impresión laminada. Metro cuadrado. Diseño suministrado por la FUGA. | G159: =VLOOKUP(E159,'FICHA TECNICA - PRECIOS OFERTA '!$1:$1048576,3,0) -> 426000 | H159: 32 | I159: =+G159*H159 -> 13632000
B160: 13 | C160: 45109 | D160: 2 | E160: 11 | F160: =VLOOKUP(E160,'FICHA TECNICA - PRECIOS OFERTA '!$1:$1048576,2,0) -> Camión tipo 1 de 3,70 M de longitud modelo 2010 en adelante, servicio de alquiler por trayecto. Debe incluir conductor y ayudante | G160: =VLOOKUP(E160,'FICHA TECNICA - PRECIOS OFERTA '!$1:$1048576,3,0) -> 434100 | H160: 2 | I160: =+G160*H160 -> 868200
B161: 13 | C161: 45109 | D161: 2 | E161: 182 | F161: =VLOOKUP(E161,'FICHA TECNICA - PRECIOS OFERTA '!$1:$1048576,2,0) -> COORDINADOR que deberá cumplir con los requisitos específicos, experiencia, nivel académico y cursos de acuerdo a lo señalado en las especificaciones técnicas, por 8 horas // 1. Requisitos específicos: a) Coordinar al grupo de operadores de protocolo. Esto es, establecer funciones, especificaciones y ubicación de los operadores dentro del lugar atendiendo las necesidades específicas del tipo de evento. b) Mantener informada a la Fundación de las novedades que se presenten antes, durante y al final de cada función. c) Las demás exigidas para los operadores logísticos de protocolo y de brigada. 2. Experiencia requerida: Dos (2) años como coordinador en actividades o servicios logísticos de protocolo en teatros de gran formato o auditorios con aglomeraciones de público de media complejidad. Nivel académico: Título de técnico o profesional en cualquier área. 3.Cursos: Debe tener certificaciones de cursos en: a) Primeros auxilios. 10 horas. b) En temas de planes de emergencia y contingencia. 20 horas. c) Capacitación en normas de etiqueta y protocolo. 10 horas | G161: =VLOOKUP(E161,'FICHA TECNICA - PRECIOS OFERTA '!$1:$1048576,3,0) -> 351600 | H161: 2 | I161: =+G161*H161 -> 703200
B162: 13 | C162: 45109 | D162: 2 | E162: 191 | F162: =VLOOKUP(E162,'FICHA TECNICA - PRECIOS OFERTA '!$1:$1048576,2,0) -> Operario para montaje y desmontaje de Carga por día de servicio. con dotacion de guantes y elementos de carga. | G162: =VLOOKUP(E162,'FICHA TECNICA - PRECIOS OFERTA '!$1:$1048576,3,0) -> 216800 | H162: 6 | I162: =+G162*H162 -> 1300800
B163: 13 | C163: 45109 | D163: 2 | E163: 151 | F163: =VLOOKUP(E163,'FICHA TECNICA - PRECIOS OFERTA '!$1:$1048576,2,0) -> Piso tablón negro. Servicio de alquiler por 24 horas, contadas a partir del recibo a satisfacción de la entidad. // 1,20 x 2,4 Metros. Debe incluir transporte, instalación y desmontaje al lugar y en el horario indicado por la FUGA. | G163: =VLOOKUP(E163,'FICHA TECNICA - PRECIOS OFERTA '!$1:$1048576,3,0) -> 132700 | H163: 16 | I163: =+G163*H163 -> 2123200
B164: 13 | C164: 45109 | D164: 2 | E164: 111 | F164: =VLOOKUP(E164,'FICHA TECNICA - PRECIOS OFERTA '!$1:$1048576,2,0) -> Reflector LED Luz cálida para exterior 70W y 100W. Precio por día (12 horas). Debe incluir transporte, operario y 100 Metros de cubre cables. // Precio por día (12 horas). Debe incluir transporte, operario y 100m de cubre cables. | G164: =VLOOKUP(E164,'FICHA TECNICA - PRECIOS OFERTA '!$1:$1048576,3,0) -> 398800 | H164: 1 | I164: =+G164*H164 -> 398800
B165: 13 | C165: 45109 | D165: 2 | E165: 146 | F165: =VLOOKUP(E165,'FICHA TECNICA - PRECIOS OFERTA '!$1:$1048576,2,0) -> Carpa tipo pagoda/árabe 4mts x 4 mts de fondo .Estructural en tubería cuadrada encerchada y de fácil ensamblaje, Lona plástica con microfibras internas totalmente impermeable para el techo tamaños de, con laterales tipo vitral. Precio de alquiler por 12 horas. Debe incluir montaje, desmontaje y transporte. // Precio por día (12 horas). Debe incluir montaje, desmontaje y transporte. | G165: =VLOOKUP(E165,'FICHA TECNICA - PRECIOS OFERTA '!$1:$1048576,3,0) -> 324000 | H165: 2 | I165: =+G165*H165 -> 648000
B166: 13 | C166: 45109 | D166: 2 | E166: 235 | F166: =VLOOKUP(E166,'FICHA TECNICA - PRECIOS OFERTA '!$1:$1048576,2,0) -> Servicio alimentación - Refrigerio // Bebida, sanduche de jamón y queso, fruta de temporada. incluye transporte al lugar y en el horario indicados por la FUGA. De igual manera deberán entregarse debidamente embalados y deberán garantizarse las medidas de bioseguridad a que haya lugar. | G166: =VLOOKUP(E166,'FICHA TECNICA - PRECIOS OFERTA '!$1:$1048576,3,0) -> 11600 | H166: 10 | I166: =+G166*H166 -> 116000
B167: 13 | C167: 45109 | D167: 2 | E167: 218 | F167: =VLOOKUP(E167,'FICHA TECNICA - PRECIOS OFERTA '!$1:$1048576,2,0) -> Servicio de sublimación textil. Debe incluir maquinaria industrial. El valor a cotizar se estima por hora. // por hora | G167: =VLOOKUP(E167,'FICHA TECNICA - PRECIOS OFERTA '!$1:$1048576,3,0) -> 62100 | H167: 7 | I167: =+G167*H167 -> 434700
B168: 13 | C168: 45109 | D168: 2 | E168: 189 | F168: =VLOOKUP(E168,'FICHA TECNICA - PRECIOS OFERTA '!$1:$1048576,2,0) -> OPERADOR LOGÍSTICO DE PROTOCOLO que deberá cumplir con los requisitos específicos, experiencia, nivel académico y cursos de acuerdo a lo señalado en las especificaciones técnicas, por 8 horas // 1. Requisitos específicos: a) Deben ser personas con actitud de servicio, responsables, cumplidos y con excelente presentación personal. b) Estar debidamente uniformados. e) Cumplir con las funciones asignadas como equipo de primera intervención dentro del Plan de Emergencia de la Fundación. 2. Nivel académico: Mayores de edad que sean profesionales o estudiantes universitarios. 3. Cursos: a) Primeros auxilios. 10 horas. b) En temas de planes de emergencia y contingencia. 20 horas. c) Capacitación en normas de etiqueta y protocolo. 10 horas. | G168: =VLOOKUP(E168,'FICHA TECNICA - PRECIOS OFERTA '!$1:$1048576,3,0) -> 368700 | H168: 1 | I168: =+G168*H168 -> 368700
B169: 13 | C169: 45109 | D169: 2 | E169: 192 | F169: =VLOOKUP(E169,'FICHA TECNICA - PRECIOS OFERTA '!$1:$1048576,2,0) -> Operario para montaje y desmontaje por 8 horas, con dotacion de guantes e identificacion de la empresa. | G169: =VLOOKUP(E169,'FICHA TECNICA - PRECIOS OFERTA '!$1:$1048576,3,0) -> 216800 | H169: 2 | I169: =+G169*H169 -> 433600
A170: URBANISMO TÁCTICO PARQUE SANTANDER | B170: 16 | C170: 45121 | D170: 2 | E170: 143 | F170: =VLOOKUP(E170,'FICHA TECNICA - PRECIOS OFERTA '!$1:$1048576,2,0) -> Carpa modulo de 6 mts x 3 mts tipo pabellón en aluminio, altura lateral de 3 Metros, altura central de 5 Metros. Precio de alquiler por 12 horas. Debe incluir montaje, desmontaje y transporte. // Precio por día (12 horas). Debe incluir montaje, desmontaje y transporte. | G170: =VLOOKUP(E170,'FICHA TECNICA - PRECIOS OFERTA '!$1:$1048576,3,0) -> 552800 | H170: 1 | I170: =+G170*H170 -> 552800 | J170: =SUM(I170:I182) -> 6579700
B171: 16 | C171: 45121 | D171: 2 | E171: 97 | F171: =VLOOKUP(E171,'FICHA TECNICA - PRECIOS OFERTA '!$1:$1048576,2,0) -> Paquete 3 de sonido. Servicio de alquiler por 12 horas, contadas a partir del recibo de la entidad. // 4 Micrófonos de cable Tipo Vocal - 4 Micrófonos de cable Tipo Instrumental - 4 Cabinas activas de 12" de 1000 W con su respectivo trípode - 4 Cabinas activas de 15" de 500 W con su respectivo trípode - 1 Consola digital de 16 canales - 4 Cajas directas - 1 Reproductor de CD / PC - Protector de voltaje. Dicho servicio incluye transporte al lugar y en el horario indicado por la FUGA | G171: =VLOOKUP(E171,'FICHA TECNICA - PRECIOS OFERTA '!$1:$1048576,3,0) -> 925000 | H171: 1 | I171: =+G171*H171 -> 925000
B172: 16 | C172: 45121 | D172: 2 | E172: 159 | F172: =VLOOKUP(E172,'FICHA TECNICA - PRECIOS OFERTA '!$1:$1048576,2,0) -> Tarima de 7,20 Metros x 3,60 Metros a una altura de 0,6 Metros + dos escaleras. Precio por día (12 horas). La Tarima deberá contar con superficies totalmente lisa y los módulos deberán encajar unos con otros y estar en perfectas condiciones en todas sus uniones, sin huecos. | G172: =VLOOKUP(E172,'FICHA TECNICA - PRECIOS OFERTA '!$1:$1048576,3,0) -> 1066800 | H172: 1 | I172: =+G172*H172 -> 1066800
B173: 16 | C173: 45121 | D173: 2 | E173: 157 | F173: =VLOOKUP(E173,'FICHA TECNICA - PRECIOS OFERTA '!$1:$1048576,2,0) -> Tarima de 2.40 Metros x 2,40 Metros a una altura entre 60 cms y 90 cms de altura. La Tarima deberá contar con superficies totalmente lisa y los módulos deberán encajar unos con otros y estar en perfectas condiciones en todas sus uniones, sin huecos. Debe incluir transporte, instalación y desmontaje. Debe incluir ruedas para facilitar su movimiento en el escenario. Dicho servicio incluye transporte al lugar y en el horario indicado por la FUGA. Precio de alquiler por 12 horas | G173: =VLOOKUP(E173,'FICHA TECNICA - PRECIOS OFERTA '!$1:$1048576,3,0) -> 83500 | H173: 4 | I173: =+G173*H173 -> 334000
B174: 16 | C174: 45121 | D174: 2 | E174: 146 | F174: =VLOOKUP(E174,'FICHA TECNICA - PRECIOS OFERTA '!$1:$1048576,2,0) -> Carpa tipo pagoda/árabe 4mts x 4 mts de fondo .Estructural en tubería cuadrada encerchada y de fácil ensamblaje, Lona plástica con microfibras internas totalmente impermeable para el techo tamaños de, con laterales tipo vitral. Precio de alquiler por 12 horas. Debe incluir montaje, desmontaje y transporte. // Precio por día (12 horas). Debe incluir montaje, desmontaje y transporte. | G174: =VLOOKUP(E174,'FICHA TECNICA - PRECIOS OFERTA '!$1:$1048576,3,0) -> 324000 | H174: 1 | I174: =+G174*H174 -> 324000
B175: 16 | C175: 45121 | D175: 2 | E175: 182 | F175: =VLOOKUP(E175,'FICHA TECNICA - PRECIOS OFERTA '!$1:$1048576,2,0) -> COORDINADOR que deberá cumplir con los requisitos específicos, experiencia, nivel académico y cursos de acuerdo a lo señalado en las especificaciones técnicas, por 8 horas // 1. Requisitos específicos: a) Coordinar al grupo de operadores de protocolo. Esto es, establecer funciones, especificaciones y ubicación de los operadores dentro del lugar atendiendo las necesidades específicas del tipo de evento. b) Mantener informada a la Fundación de las novedades que se presenten antes, durante y al final de cada función. c) Las demás exigidas para los operadores logísticos de protocolo y de brigada. 2. Experiencia requerida: Dos (2) años como coordinador en actividades o servicios logísticos de protocolo en teatros de gran formato o auditorios con aglomeraciones de público de media complejidad. Nivel académico: Título de técnico o profesional en cualquier área. 3.Cursos: Debe tener certificaciones de cursos en: a) Primeros auxilios. 10 horas. b) En temas de planes de emergencia y contingencia. 20 horas. c) Capacitación en normas de etiqueta y protocolo. 10 horas | G175: =VLOOKUP(E175,'FICHA TECNICA - PRECIOS OFERTA '!$1:$1048576,3,0) -> 351600 | H175: 1 | I175: =+G175*H175 -> 351600
B176: 16 | C176: 45121 | D176: 2 | E176: 191 | F176: =VLOOKUP(E176,'FICHA TECNICA - PRECIOS OFERTA '!$1:$1048576,2,0) -> Operario para montaje y desmontaje de Carga por día de servicio. con dotacion de guantes y elementos de carga. | G176: =VLOOKUP(E176,'FICHA TECNICA - PRECIOS OFERTA '!$1:$1048576,3,0) -> 216800 | H176: 2 | I176: =+G176*H176 -> 433600
B177: 16 | C177: 45121 | D177: 2 | E177: 179 | F177: =VLOOKUP(E177,'FICHA TECNICA - PRECIOS OFERTA '!$1:$1048576,2,0) -> Asistente Técnico (ROADIE). Servicio por 4 horas a cargo del montaje del sistema de amplificación solicitado y como apoyo técnico en tarima. El valor a cotizar se estima por día, por lo que se solicita indicar un valor global en este ítem. // A cargo del montaje del sistema de amplificación solicitado y como apoyo técnico en tarima. Experiencia Requerida: Minimo un (01) año de experiencia. | G177: =VLOOKUP(E177,'FICHA TECNICA - PRECIOS OFERTA '!$1:$1048576,3,0) -> 330200 | H177: 2 | I177: =+G177*H177 -> 660400
...

Sheet LEGALIZADO POR ORDEN DE SERV
A1: RESUMEN POR ORDENES DE SERVICIO - FUGA-110-2023 - OPERADOR LOGISTICO
A2: OPERADOR: | D2: PRODUCCION DE EVENTOS 911
A3: ORDEN DE SERVICIO | B3: EVENTO | C3: PROYECTO ASIGNADO | D3: FECHA EVENTO | E3: TOTAL EJECUTADO POR EVENTO | F3: total FACTURA | G3: INFORME
A4: 1 | B4: FESTIVAL ARTÍSTICO Y CULTURAL DEL CENTRO DE BOGOTÁ | C4: 7664 | D4: 45065 | E4: 8320300 | F4: =SUM(E4:E13) -> 72107538 | G4: INFORME 1
A5: 2 | B5: SALSA AL PARQUE | C5: 7674 | D5: 45081 | E5: 52149700
A6: 3 | B6: EXPERIENCIA BRONX-FUGUIS EN SMART CITY | C6: 7674 | D6: 45079 | E6: 5729400
A7: 4 | B7: FÚGATE AL BARRIO | C7: 7664 | D7: 45073 | E7: 232000
A8: 5 | B8: FÚGATE AL BARRIO | C8: 7664 | D8: 45080 | E8: 754000
A9: 7 | B9: URBANISMO TACTICO PARQUE SANTANDER | C9: 7664 | D9: 45079 | E9: 1746200
A10: 8 | B10: FÚGATE AL BARRIO | C10: 7664 | D10: 45083 | E10: 348000
A11: 10 | B11: URBANISMO TACTICO PARQUE SANTANDER | C11: 7664 | D11: 45093 | E11: 1746200
A12: 14 | B12: DERIVA No 01-"Huellas de resistencia, memoria y vida callejera en el Centro de Bogotá 1999-2016" | C12: 7664 | D12: 45107 | E12: 540869
A13: 15 | B13: DERIVA No 02-"Huellas de resistencia, memoria y vida callejera en el Centro de Bogotá 1999-2016" | C13: 7664 | D13: 45107 | E13: 540869
A14: 6 | B14: Pasarela Esquina Redonda Museo Nacional | C14: 7664 | D14: 45107 | E14: 4839600 | F14: =SUM(E14:E71) -> 384964400 | G14: INFORME 2
A15: 11 | B15: El Bronx presenta XXVII Festival de Música del Pacífico Petronio Álvarez | C15: 7664 | D15: 22/072023 | E15: 336701200
A16: 12 | B16: EXPERIENCIA BRONX JOROPO AL PARQUE | C16: 7664 | D16: 45102 | E16: 7713200
A17: 13 | B17: EVENTO Y MARCHA PRIDE | C17: 7664 | D17: 45109 | E17: 29072700
A18: 16 | B18: URBANISMO TÁCTICO PARQUE SANTANDER | C18: 7664 | D18: 45121 | E18: 6579700
A19: 18 | B19: DERIVA No 03-"Huellas de resistencia, memoria y vida callejera en el Centro de Bogotá 1999-2016" | C19: 7664 | D19: 45135 | E19: 58000
F20: =SUM(E20:E31) -> 0 | G20: INFORME 2
F32: =SUM(E32:E42) -> 0 | G32: INFORME 3
F43: =SUM(E43:E57) -> 0 | G43: INFORME 4
F58: =SUM(E58:E71) -> 0 | G58: INFORME 5
A74: total ejecutado informe 1 | E74: =+F4 -> 72107538
A75: total ejecutado informe 2 | E75: =+F14 -> 384964400
A76: TOAL EJECUTADO CONTRATO | E76: =SUM(E74:E75) -> 457071938
